 Dungeon Crawl Stone Soup version 0.22.1-2-g9c5b331383 (webtiles) character file.

44149 Jynx the Bewitcher (level 13, -5/51 HPs)
             Began as a Spriggan Enchanter on Dec 23, 2018.
             Was a Priest of Ashenzari.
             Slain by an orc warrior
             ... wielding a +2 dire flail of venom
              (25 damage)
             ... on level 1 of the Orcish Mines.
             The game lasted 01:03:10 (27490 turns).

Jynx the Bewitcher (Spriggan Enchanter)            Turns: 27490, Time: 01:03:11

Health: -5/51      AC:  4    Str:  4      XL:     13   Next: 94%
Magic:  30/30      EV: 31    Int: 16 (19) God:    Ashenzari [***...]
Gold:   1601       SH:  0    Dex: 19      Spells: 24/36 levels left

rFire    + . .     SeeInvis +   S - +5 dagger (elec) (curse)
rCold    + . .     Gourm    .   (shield restricted)
rNeg     . . .     Faith    .   b - +1 robe
rPois    +         Spirit   .   (helmet restricted)
rElec    .         Reflect  .   B - scarf {rC+ rF+} (curse)
rCorr    .         Harm     .   (gloves unavailable)
MR       ++...                  (boots unavailable)
Stlth    +++++++...             (no amulet)
HPRegen  0.17/turn              p - ring of stealth (curse)
MPRegen  0.22/turn              K - ring of poison resistance (curse)

@: very quick
A: very small, unfitting armour, rugged brown scales 1, see invisible,
herbivore, speed 3, frail 1, slow metabolism 2
a: Curse Item, Scrying, Renounce Religion


You were on level 1 of the Orcish Mines.
You worshipped Ashenzari.
Ashenzari was most pleased with you.
You were not hungry.

You visited 4 branches of the dungeon, and saw 19 of its levels.
You also visited: Ice Cave.

You collected 1601 gold pieces.

Inventory:

Hand Weapons
 S - a cursed +5 dagger of electrocution (weapon)
Armour
 b - a +1 robe (worn)
 B - a cursed scarf of resistance (worn)
Jewellery
 f - an uncursed ring of stealth
 p - a cursed ring of stealth (left hand)
 x - an uncursed ring of fire
 K - a cursed ring of poison resistance (right hand)
 M - an uncursed ring of protection from cold
 Q - an uncursed ring of magical power
 R - an uncursed amulet of rage
Wands
 a - a wand of disintegration (12)
 n - a wand of polymorph (15)
 o - a wand of flame (42)
 r - a wand of random effects (16)
 w - a wand of paralysis (14)
 y - a wand of enslavement (20)
 D - a wand of digging (26)
 T - a wand of iceblast (4)
Scrolls
 h - 2 scrolls of magic mapping
 j - 10 scrolls of teleportation
 m - 6 scrolls of remove curse
 q - a scroll of immolation
 s - a scroll of blinking
 z - 2 scrolls of enchant weapon
 A - a scroll of fog
 J - 3 scrolls of enchant armour
 O - a scroll of fear
 P - a scroll of holy word
Potions
 c - a potion of invisibility
 e - 6 potions of curing
 g - 4 potions of might
 i - 2 potions of ambrosia {unknown}
 k - 4 potions of berserk rage
 l - 4 potions of haste
 u - 4 potions of lignification
 v - 2 potions of cancellation
 C - 2 potions of flight {unknown}
 E - a potion of heal wounds
 H - 4 potions of brilliance
Comestibles
 d - 22 rations


   Skills:
 - Level 10.0(12.7) Short Blades
 + Level 14.1 Dodging
 + Level 15.5 Stealth
 + Level 12.3 Spellcasting
 * Level 16.7(18.2) Hexes


You had 24 spell levels left.
You knew the following spells:

 Your Spells              Type           Power        Failure   Level  Hunger
a - Corona                Hex            ######.      0%          1    None
b - Ensorcelled Hibernat  Hex/Ice        #####.       1%          2    None
c - Confuse               Hex            ######..     0%          3    None
d - Tukima's Dance        Hex            ######..     0%          3    None
e - Dazzling Spray        Conj/Hex       #####.       1%          3    None

Your spell library contained the following spells:

 Spells                   Type           Power        Failure   Level  Hunger
 Confusing Touch          Hex            ######       0%          1    None
 Summon Guardian Golem    Hex/Summ       #####...     1%          3    None
 Animate Skeleton         Necr           N/A          7%          1    None
 Apportation              Tloc           ##....       7%          1    None
 Pain                     Necr           ##..         7%          1    None
 Sting                    Conj/Pois      ##..         7%          1    None
 Summon Small Mammal      Summ           ##..         7%          1    None
 Call Imp                 Summ           ##......     10%         2    None
 Poisonous Vapours        Pois/Air       ##....       10%         2    None
 Call Canine Familiar     Summ           ##......     21%         3    None
 Mephitic Cloud           Conj/Pois/Air  ##......     21%         3    None
 Regeneration             Chrm/Necr      ##........   21%         3    None
 Vampiric Draining        Necr           ##........   21%         3    None
 Animate Dead             Necr           N/A          54%         4    ##.....
 Olgreb's Toxic Radiance  Pois           ##......     54%         4    ##.....
 Summon Ice Beast         Ice/Summ       ##......     54%         4    ##.....
 Summon Lightning Spire   Summ/Air       ##......     54%         4    ##.....
 Venom Bolt               Conj/Pois      ##........   88%         5    #####..


Dungeon Overview and Level Annotations

Branches:
Dungeon (10/15)            Temple (1/1) D:4            Lair (6/6) D:8
 Shoals (0/4) Lair:4       Spider (0/4) Lair:3        Slime (0/5) Lair:6
    Orc (2/2) D:9             Elf (0/3) Orc:2

Altars:
Ashenzari
Cheibriados
Dithmenos
Elyvilon
Fedhas
Gozag
Hepliaklqana
Kikubaaqudgha
Makhleb
Nemelex Xobeh
Okawaru
Qazlal
Ru
Sif Muna
Trog
Uskayaw
Vehumet
Wu Jian
Xom
Yredelemnul
Zin
The Shining One
Beogh
Jiyva

Shops:
Orc:2 [([?

Annotations:
Lair:2 exclusion: 2 oklob plants
Lair:6 1 runed door
Abyss:1 Sonja


Innate Abilities, Weirdness & Mutations

You are very small and have problems with some larger weapons.
You are too small for most types of armour.
You have supernaturally acute eyesight. (SInv)
You are a herbivore.
You cover ground extremely quickly.
You need to consume almost no food.
You are partially covered in rugged brown scales. (AC +1, +3% HP)
You are frail. (-10% HP)


Message History

The orc completely misses you.
You hit the orc.
The orc is heavily wounded.
You barely miss the orc.
The orc is heavily wounded.
You hit the orc.
You kill the orc!
You see here a +0 mace.
You're too hungry to rest.
You're too hungry to rest.
You eat one of the 23 rations.
That ration really hit the spot!
You start resting.
HP restored.
There is a stone staircase leading up here.
You climb upwards.
The orc priest mumbles some strange prayers to Beogh against you.
Beogh smites you!
The orc warrior hits you with a dire flail of venom!
The orc warrior hits you with a dire flail of venom!!
You die...

, ,,, , , .......
* .#..$
.#....#.###....# *
................#
, ...............
, ,
#..............
#.,
......o......##...
**
......$..o..#.....
.o......oo@......#
,
.........$)#.....
* ,
o..#..#[....#.....
, #...o)........
., * ,
#.........##+# *
#..#.........+ ,
,,,....#......$.#
$.. ...#....... *
.. ..$.##....... *


You could see 2 orc warriors, an orc priest and 2 orc wizards.

Vanquished Creatures
  An orc warlord (Orc:2)
  Josephine (Orc:2)
  5 hydras
  2 catoblepae (Lair:6)
  2 two-headed ogres
  5 death yaks (Lair:6)
  Urug (Lair:4)
  An orc knight (Orc:2)
  An orb spider (Lair:3)
  An orc sorcerer (Orc:2)
  5 elephants (Lair:4)
  4 black mambas
  Psyche (D:10)
  Maurice (D:10)
  8 spiny frogs
  2 rime drakes (Lair:1)
  3 komodo dragons
  7 freezing wraiths (IceCv)
  2 trolls
  A hornet (D:10)
  A queen bee (D:10)
  Grinder (D:2)
  15 blink frogs
  7 hippogriffs
  5 dream sheep (Lair:2)
  3 wraiths (Orc:2)
  A wyvern (Lair:5)
  10 yaks
  4 hungry ghosts
  A death yak simulacrum (IceCv)
  5 basilisks
  2 wargs
  11 porcupines
  17 water moccasins
  15 orc warriors
  3 phantoms
  A sky beast (D:6)
  7 ice beasts
  2 ogres
  3 wolves (Lair:6)
  6 centaurs
  10 crocodiles
  2 big kobolds
  8 bullfrogs
  A water moccasin zombie (D:8)
  11 scorpions
  32 killer bees
  6 wights
  3 howler monkeys
  4 crimson imps
  A quasit (D:10)
  4 hounds
  2 bullfrog zombies (D:5)
  A bullfrog skeleton (D:6)
  18 orc priests
  Crazy Yiuf (D:2)
  A centaur skeleton (D:4)
  Jessica (D:2)
  3 iguanas
  Ijyb (D:5)
  Natasha (thrice) (D:2)
  31 orc wizards
  5 worker ants
  A killer bee zombie (D:9)
  3 wolf simulacra (IceCv)
  A centaur simulacrum (IceCv)
  The ghost of tomberger1 the Chiller, a weakling MfIE (D:3)
  2 hound skeletons
  2 howler monkey zombies (D:8)
  A worker ant zombie (D:8)
  An adder (shapeshifter) (Orc:2)
  10 adders
  4 shadow imps
  5 white imps (IceCv)
  An ooze (D:2)
  3 worms
  5 dart slugs
  2 leopard geckos
  85 orcs
  4 giant cockroaches
  8 goblins
  7 hobgoblins
  14 jackals
  7 quokkas
  10 bats
  8 frilled lizards
  A giant cockroach zombie (D:6)
  A jackal zombie (D:5)
  13 kobolds
  A leopard gecko zombie (D:5)
  A rat (shapeshifter) (Orc:2)
  10 rats
535 creatures vanquished.

Vanquished Creatures (collateral kills)
  A two-headed ogre (D:10)
  13 orc warriors
  9 ogres
  3 killer bees (D:10)
  2 wights
  An orc priest (Orc:2)
  An orc wizard (Orc:2)
  18 orcs
48 creatures vanquished.

Vanquished Creatures (others)
  2 dancing weapons
  A vampire (D:5)
  An orc warrior (Orc:2)
  A sky beast (D:5)
  A bullfrog (D:5)
  An orc priest (D:5)
  2 orc wizards
  A leopard gecko (D:5)
  2 orcs
  2 bushes
  13 fungi
  25 plants
52 creatures vanquished.

Grand Total: 635 creatures vanquished

Notes
Turn   | Place    | Note
-------+----------+-------------------------------------------
     0 | D:1      | Jynx the Spriggan Enchanter began the quest for the Orb.
     0 | D:1      | Reached XP level 1. HP: 9/9 MP: 5/5
   714 | D:1      | Reached skill level 4 in Hexes
   714 | D:1      | Reached XP level 2. HP: 3/13 MP: 7/7
  1638 | D:2      | Noticed Jessica
  1682 | D:1      | Learned a level 2 spell: Ensorcelled Hibernation
  1696 | D:2      | Noticed Natasha
  1940 | D:2      | Reached XP level 3. HP: 14/16 MP: 5/8
  2008 | D:2      | Killed Jessica
  2008 | D:2      | Reached skill level 5 in Stealth
  2185 | D:2      | Reached XP level 4. HP: 17/21 MP: 10/10
  2510 | D:2      | Killed Natasha
  2510 | D:2      | Reached skill level 5 in Hexes
  2854 | D:2      | Noticed Natasha
  2862 | D:2      | Killed Natasha
  2862 | D:2      | Reached XP level 5. HP: 24/24 MP: 8/11
  2867 | D:2      | Learned a level 3 spell: Confuse
  2871 | D:2      | Learned a level 3 spell: Tukima's Dance
  2919 | D:2      | Noticed Natasha
  2936 | D:2      | Killed Natasha
  2993 | D:2      | Found a runed door.
  3049 | D:2      | Noticed Crazy Yiuf
  3053 | D:2      | Killed Crazy Yiuf
  3378 | D:3      | Noticed Grinder
  3745 | D:3      | Found a runed door.
  3747 | D:3      | Noticed tomberger1's ghost (weakling MfIE)
  3872 | D:3      | Killed tomberger1's ghost
  4137 | D:2      | Killed Grinder
  4137 | D:2      | Reached skill level 6 in Hexes
  4137 | D:2      | Reached XP level 6. HP: 3/28 MP: 4/13
  4773 | D:4      | Reached XP level 7. HP: 32/32 MP: 14/14
  4952 | D:4      | Found a basalt altar of Yredelemnul.
  4969 | D:4      | Reached skill level 5 in Dodging
  5473 | D:4      | Reached skill level 7 in Hexes
  5593 | D:4      | Reached skill level 5 in Spellcasting
  5649 | D:4      | Found a staircase to the Ecumenical Temple.
  6201 | D:4      | Reached XP level 8. HP: 27/36 MP: 12/16
  6361 | Temple   | Entered the Ecumenical Temple
  6420 | Temple   | Became a worshipper of Ashenzari the Shackled
  6571 | D:5      | Entered Level 5 of the Dungeon
  6573 | D:5      | Noticed Ijyb
  6592 | D:5      | Killed Ijyb
  6830 | D:5      | Found a glowing silver altar of Zin.
  6900 | D:5      | Reached skill level 8 in Hexes
  7583 | D:6      | Reached skill level 5 in Short Blades
  7616 | D:6      | Reached skill level 9 in Hexes
  7807 | D:6      | Found a sparkling altar of Nemelex Xobeh.
  7810 | D:6      | Found a sacrificial altar of Ru.
  7982 | D:6      | Reached XP level 9. HP: 39/39 MP: 16/19
  8099 | D:6      | Gained mutation: You are dopey. (Int -2) [potion of
                  | mutation]
  8099 | D:6      | Gained mutation: Your body sometimes deteriorates upon
                  | taking damage. [potion of mutation]
  8099 | D:6      | Gained mutation: You are partially covered in icy blue
                  | scales. (AC +2) [potion of mutation]
  8100 | D:6      | Lost mutation: You are dopey. (Int -2) [potion of mutation]
  8100 | D:6      | Lost mutation: Your body sometimes deteriorates upon taking
                  | damage. [potion of mutation]
  8100 | D:6      | Lost mutation: You are partially covered in icy blue
                  | scales. (AC +2) [potion of mutation]
  8100 | D:6      | Gained mutation: You are frail. (-10% HP) [potion of
                  | mutation]
  8100 | D:6      | Gained mutation: You are partially covered in rugged brown
                  | scales. (AC +1, +3% HP) [potion of mutation]
  8144 | D:7      | You fall through a shaft for 2 floors!
  8254 | D:7      | Found an ornate altar of the Wu Jian Council.
  8433 | D:7      | Noticed a two-headed ogre
  8437 | D:7      | Killed a two-headed ogre
  8437 | D:7      | Reached skill level 10 in Hexes
  9027 | D:7      | Found a glowing golden altar of the Shining One.
  9329 | D:8      | Reached skill level 10 in Stealth
  9628 | D:8      | Reached XP level 10. HP: 26/40 MP: 14/22
  9951 | D:8      | Found a staircase to the Lair.
 10096 | D:8      | Reached skill level 11 in Hexes
 10792 | D:8      | Reached * piety under Ashenzari
 11566 | Lair:1   | Entered Level 1 of the Lair of Beasts
 11623 | Lair:1   | Found a frozen archway.
 11634 | Lair:1   | Reached skill level 12 in Hexes
 11640 | IceCv    | Entered an ice cave
 11963 | IceCv    | Reached skill level 10 in Dodging
 12011 | IceCv    | Reached XP level 11. HP: 7/43 MP: 1/24
 12387 | IceCv    | Learned a level 3 spell: Dazzling Spray
 12400 | IceCv    | Found an ancient bone altar of Kikubaaqudgha.
 13430 | Lair:2   | Noticed a seven-headed hydra
 13550 | Lair:1   | Killed a seven-headed hydra
 13550 | Lair:1   | Reached skill level 13 in Hexes
 14794 | Lair:2   | Noticed an oklob plant
 14794 | Lair:2   | Noticed an oklob plant
 14988 | Lair:2   | Noticed a seven-headed hydra
 15007 | Lair:2   | Killed a seven-headed hydra
 15007 | Lair:2   | Reached skill level 10 in Spellcasting
 15281 | Lair:2   | Reached XP level 12. HP: 47/47 MP: 13/27
 15994 | Lair:3   | Reached ** piety under Ashenzari
 16319 | Lair:3   | Found a hole to the Spider Nest.
 16373 | Lair:3   | Reached skill level 14 in Hexes
 16875 | Lair:4   | Found a staircase to the Shoals.
 16876 | Lair:4   | Noticed Urug
 17101 | Lair:4   | Killed Urug
 17496 | Lair:4   | Noticed a seven-headed hydra
 17504 | Lair:4   | Killed a seven-headed hydra
 17757 | Lair:4   | Noticed a six-headed hydra
 17776 | Lair:4   | Killed a six-headed hydra
 18566 | Lair:5   | Reached skill level 15 in Hexes
 19746 | Lair:6   | Entered Level 6 of the Lair of Beasts
 19748 | Lair:6   | Noticed a four-headed hydra
 19755 | Lair:6   | Killed a four-headed hydra
 19755 | Lair:6   | Reached skill level 10 in Short Blades
 19755 | Lair:6   | Reached XP level 13. HP: 51/51 MP: 29/29
 20041 | Lair:6   | Found a runed door.
 20046 | Lair:6   | Found a viscous altar of Jiyva.
 20047 | Lair:6   | Found a staircase to the Slime Pits.
 20047 | Lair:6   | Noticed an acid blob
 20047 | Lair:6   | Noticed an acid blob
 20047 | Lair:6   | Noticed an acid blob
 21354 | D:9      | Found a staircase to the Orcish Mines.
 21916 | D:10     | Entered Level 10 of the Dungeon
 21961 | D:10     | Noticed Psyche
 21968 | D:10     | Killed Psyche
 22039 | D:10     | Noticed Maurice
 22046 | D:10     | Killed Maurice
 22442 | D:10     | Reached skill level 16 in Hexes
 22967 | D:10     | Reached *** piety under Ashenzari
 23490 | D:10     | Reached skill level 15 in Stealth
 23640 | Orc:1    | Entered Level 1 of the Orcish Mines
 23987 | Orc:2    | Entered Level 2 of the Orcish Mines
 24011 | Orc:2    | Found a roughly hewn altar of Beogh.
 24026 | Orc:2    | Found Ruwopec's Antique Armour Shop.
 24396 | Orc:2    | Found a roughly hewn altar of Beogh.
 24928 | Orc:2    | Found a staircase to the Elven Halls.
 25043 | Orc:2    | Noticed Josephine
 25056 | Orc:2    | Killed Josephine
 25252 | Orc:2    | Noticed Sonja
 25256 | Orc:2    | Banished Sonja
 25378 | Orc:2    | Found a roughly hewn altar of Beogh.
 25389 | Orc:2    | Found Caov's Magic Scroll Shop.
 25396 | Orc:2    | Identified the +8 hunting sling "Fuvoa" {speed, Str+4}
 25613 | Orc:2    | Found a roughly hewn altar of Beogh.
 25901 | Orc:2    | Found a roughly hewn altar of Beogh.
 26637 | Orc:1    | Found a bloodstained altar of Trog.
 26637 | Orc:1    | Noticed a stone giant
 26637 | Orc:1    | Noticed a stone giant
 26920 | Orc:2    | Found Lusewion's Antique Weapon Shoppe.
 26920 | Orc:2    | Found a roughly hewn altar of Beogh.
 26921 | Orc:2    | Noticed an orc warlord
 26949 | Orc:2    | Killed an orc warlord
 26954 | Orc:2    | Found Cuirat's Antique Armour Emporium.
 27490 | Orc:1    | Slain by an orc warrior

Skill      XL: |  1  2  3  4  5  6  7  8  9 10 11 12 13 |
---------------+----------------------------------------+-----
Spellcasting   | 3 4 5 6 7 8 10 11 12 | 12.3
Hexes          | 4 5 6 7 9 10 12 13 15 16 | 16.7
Stealth        | 5 6 7 8 10 11 12 14 15 | 15.5
Short Blades   | 2 3 4 5 6 7 8 10 | 10.0
Dodging        | 4 5 7 8 10 11 12 14 | 14.1

Action                   |  1- 3 |  4- 6 |  7- 9 | 10-12 | 13-15 || total
-------------------------+-------+-------+-------+-------+-------++-------
Melee: Dagger            |   122 |   162 |   594 |   679 |   852 ||  2409
 Cast: Corona            |    10 |     1 |     1 |     2 |     1 ||    15
       Ensorcelled Hiber |     2 |    20 |    29 |     1 |       ||    52
       Confuse           |       |    11 |    36 |   181 |   123 ||   351
       Tukima's Dance    |       |     5 |     7 |     7 |    48 ||    67
       Dazzling Spray    |       |       |       |       |    30 ||    30
Invok: Curse Item        |       |       |       |       |     4 ||     4
  Use: Scroll            |     3 |       |     9 |     3 |    14 ||    29
       Potion            |       |       |     2 |     2 |     2 ||     6
 Stab: Sleeping          |     8 |    19 |    40 |    38 |    20 ||   125
       Confused          |       |     4 |    23 |   131 |    65 ||   223
       Distracted        |       |       |     1 |     3 |     2 ||     6
       Invisible         |       |       |       |       |    10 ||    10
       Paralysed         |       |       |       |       |     7 ||     7
       Petrifying        |       |       |       |       |     3 ||     3
  Eat: Ration            |       |     2 |     5 |     5 |     5 ||    17
Armor: Robe              |     4 |    20 |    39 |    18 |    17 ||    98
Dodge: Dodged            |    79 |   126 |   419 |   318 |   591 ||  1533
